 Dungeon Crawl Stone Soup version 0.30.0-5-g1a98f26d00 (webtiles) character file.

Game seed: 12896746581491744406

36833 croobank the Spry (level 13, 0/64 HPs)
             Began as a Felid Summoner on May 11, 2023.
             Was an Initiate of Gozag.
             Shot with an arrow by Nessos (15 damage)
             ... on level 14 of the Dungeon.
             The game lasted 03:17:14 (35343 turns).

croobank the Spry (Felid Summoner)                 Turns: 35343, Time: 03:17:15

Health: 0/64       AC:  3    Str:  4    XL:     13   Next: 55%
Magic:  30/38      EV: 30    Int: 21    God:    Gozag
Gold:   1927       SH:  0    Dex: 17    Spells: 3/35 levels left
                                        Lives:  0   Deaths: 3

rFire   + . .        (weapon unavailable)
rCold   . . .        (shield unavailable)
rNeg    . . .        (body armour unavailable)
rPois   .            (helmet unavailable)
rElec   .            (cloak unavailable)
rCorr   .            (gloves unavailable)
SInv    +            (boots unavailable)
Will    +....        i - amulet of regeneration
Stlth   ++           B - ring of magical power
HPRegen 1.10/turn    r - ring of fire
MPRegen 0.26/turn

%: no passive effects
@: quick
A: very small, claws 1, fangs 3, see invisible, speed 1, shaggy fur 3, stealthy
paws, no weapons or thrown items, no armour, multi-lived
a: Renounce Religion, Potion Petition, Call Merchant, Bribe Branch


You were on level 14 of the Dungeon.
You worshipped Gozag.
Gozag was most pleased with you.
You visited 4 branches of the dungeon, and saw 22 of its levels.
You also visited: Ossuary and Volcano.

You collected 6914 gold pieces.
You spent 3713 gold pieces at shops.
You paid 1274 gold pieces to Gozag.

Inventory:

Jewellery
 f - a +6 ring of intelligence
 i - an amulet of regeneration (around neck)
 r - a ring of fire (right paw)
 w - a ring of wizardry
 y - a ring of resist corrosion
 z - a ring of fire
 B - a ring of magical power (left paw)
 E - a ring of flight
 F - a ring of poison resistance
 H - a +5 ring of evasion
 I - a ring of willpower
 J - the ring of Eternal Harmony {rElec Will- Str+3 Int+2 Dex+6}
   (You bought it in a shop on level 8 of the Dungeon)

   [ring of dexterity]

   Str:       It affects your strength (+3).
   Int:       It affects your intelligence (+2).
   Dex:       It affects your dexterity (+6).
   rElec:     It insulates you from electricity.
   Will:      It decreases your willpower.
 K - a ring of protection from cold
 M - a ring of willpower
 O - a ring of protection from fire
 P - a +6 ring of strength
 Q - a +4 ring of protection
Wands
 b - a wand of flame (30)
 e - a wand of polymorph (11)
 h - a wand of paralysis (7)
 s - a wand of iceblast (15)
 L - a wand of digging (2)
Scrolls
 a - 3 scrolls of identify
 d - 5 scrolls of amnesia
 k - 2 scrolls of teleportation
 q - 2 scrolls of immolation
 u - 2 scrolls of blinking
 A - 4 scrolls of poison
 D - 2 scrolls of vulnerability
 G - 2 scrolls of fog
 R - a scroll of magic mapping
Potions
 c - 5 potions of brilliance
 g - 11 potions of curing
 j - a potion of attraction
 l - 3 potions of flight
 m - 4 potions of cancellation
 n - 4 potions of resistance
 o - 11 potions of might
 p - 3 potions of haste
 t - 7 potions of mutation
 v - 3 potions of lignification
 x - 2 potions of ambrosia
 N - a potion of heal wounds
Miscellaneous
 C - a tin of tremorstones (2/2)


   Skills:
 - Level 12.2 Fighting
 - Level 17.7 Dodging
 - Level 3.0 Stealth
 - Level 11.6 Spellcasting
 + Level 4.9 Conjurations
 - Level 5.0 Hexes
 - Level 12.9 Summonings
 + Level 7.8 Translocations
 - Level 3.0 Fire Magic
 - Level 7.0 Air Magic


You had 3 spell levels left.
You knew the following spells:

 Your Spells              Type           Power      Damage    Failure   Level
a - Summon Small Mammal   Summ           100%       N/A       1%          1
b - Call Imp              Summ           100%       N/A       1%          2
c - Call Canine Familiar  Summ           61%        N/A       1%          3
d - Summon Guardian Gole  Hex/Summ       49%        N/A       1%          3
e - Summon Lightning Spi  Summ/Air       52%        N/A       1%          4
f - Inner Flame           Hex/Fire       43%        N/A       3%          3
g - Iskenderun's Mystic   Conj/Tloc      39%        2d9       4%          4
h - Summon Forest         Summ/Tloc      27%        N/A       2%          5
i - Summon Hydra          Summ           30%        N/A       22%         7

Your spell library contained the following spells:

 Spells                   Type           Power      Damage    Failure   Level
 Foxfire                  Conj/Fire      100%       2x1d9     1%          1
 Kiss of Death            Conj/Necr      88%        2d12      1%          1
 Magic Dart               Conj           100%       1d8       1%          1
 Slow                     Hex            100%       N/A       1%          1
 Searing Ray              Conj           64%        2d6       1%          2
 Volatile Blastmotes      Fire/Tloc      100%       2d18      1%          3
 Confusing Touch          Hex            33%        N/A       2%          3
 Dazzling Flash           Conj/Hex       66%        N/A       2%          3
 Cigotuvi's Dreadful Rot  Necr/Pois/Air  42%        N/A       3%          2
 Hailstorm                Conj/Ice       22%        3d7       6%          3
 Ignite Poison            Fire/Tmut/Pois 24%        N/A       11%         3
 Vampiric Draining        Necr           12%        2d6       17%         3
 Cause Fear               Hex            16%        N/A       7%          4
 Fulminant Prism          Conj/Hex       16%        3d11      7%          4
 Flame Wave               Conj/Fire      43%        2d11      11%         4
 Sticky Flame             Conj/Fire      43%        2d6       11%         4
 Leda's Liquefaction      Hex/Erth       11%        N/A       21%         4
 Fireball                 Conj/Fire      21%        3d10      30%         5
 Freezing Cloud           Conj/Ice/Air   14%        6-21      30%         5
 Dispel Undead            Necr           12%        3d9       50%         4
 Ice Form                 Ice/Tmut       12%        N/A       50%         4
 Petrify                  Tmut/Erth      12%        N/A       50%         4
 Metabolic Englaciation   Hex/Ice        11%        N/A       50%         5
 Plasma Beam              Fire/Air       24%        2x1d40    73%         6
 Starburst                Conj/Fire      21%        6d7       86%         6
 Eringya's Noxious Bog    Tmut/Pois      6%         N/A       100%        6
 Statue Form              Tmut/Erth      8%         N/A       100%        6
 Dragon Form              Tmut           6%         N/A       100%        7
 Dragon's Call            Summ           30%        N/A       100%        9
 Portal Projectile        Hex/Tloc       Unusable   N/A       N/A         3
 Simulacrum               Ice/Necr       Unusable   N/A       N/A         6

Dungeon Overview and Level Annotations

Branches:
Dungeon (14/15)            Temple (1/1) D:4            Lair (5/5) D:9
  Swamp (0/4) Lair:2       Spider (0/4) Lair:3        Slime (0/5) Lair:5
    Orc (2/2) D:11            Elf (0/3) Orc:2        Vaults (0/5) D:13
Ossuary (visited)         Volcano (visited)

Altars:
Ashenzari
Cheibriados
Dithmenos
Elyvilon
Fedhas
Gozag
Kikubaaqudgha
Makhleb
Nemelex Xobeh
Okawaru
Qazlal
Ru
Sif Muna
Trog
Uskayaw
Wu Jian
Xom
Zin
The Shining One
Jiyva

Shops:
D:8 =   D:9 (   Orc:2 *::[[

Annotations:
D:9 3 runed translucent doors, Brutalitops's ghost, journeyman OpCK
D:12 3 runed translucent doors, Demosthentine's ghost, journeyman DsGl
D:14 Nessos


Innate Abilities, Weirdness & Mutations

You have sharp claws.
You have razor-sharp teeth.
You have supernaturally acute eyesight. (SInv)
You cover ground quickly. (Speed+)
Your thick and shaggy fur keeps you warm. (AC +3, rC+)
Your paws help you pounce on unaware monsters.
You are incapable of wielding weapons or throwing items.
You cannot wear armour.
You gain extra lives every three experience levels.


Message History

Search for what [Enter for "attract", or ? for help]? inv Search for what [Enter for "inv", or ? for help]? invisi [a] - 621 gold - heal wounds, magic and haste [b] - 220 gold - heal wounds and berserk rage [c] - 105 gold - heal wounds Purchase which effect?
You feel much better.
Nessos shoots an arrow.
The arrow misses you.
Nessos shoots an arrow.
The arrow hits you!! The arrow burns you.
You are poisoned.
Really read the scroll of poison? [Y]es or [N]o only, please.
Really read the scroll of poison?
The air fills with toxic fumes!
As you read the scroll of poison, it crumbles to dust.
You feel very sick.
Nessos shoots an arrow.
The arrow completely misses you.
Nessos pounds the earth with their hooves.
Nessos shoots an arrow.
The arrow completely misses you.
Cast which spell? (? or * to list)
An electric hum fills the air.
You feel very sick.
Nessos shoots an arrow.
The arrow completely misses you. The arrow hits your lightning spire!!
The arrow burns your lightning spire.
Casting: Summon Lightning Spire (dangerous; 1% risk of failure)
Confirm with . or Enter, or press ? or * to list all spells.
An electric hum fills the air.
You feel very sick.
Your lightning spire disappears in a puff of smoke!
Nessos shoots an arrow.
The arrow hits you!!
* * * LOW HITPOINT WARNING * * *
The arrow burns you.
You are lethally poisoned!
* * * LOW HITPOINT WARNING * * *
Nessos pounds the earth with their hooves.
Nessos shoots an arrow.
The arrow completely misses you.
Okay, then.
You feel better.
Nessos shoots an arrow.
The arrow misses you.
Nessos shoots an arrow.
The arrow hits you!
You die...
Your body crumbles into a pile of gold.

..§§§§#
..§§§§##
#.#§§§. #.#§§.
$ #.#§§ #
#.#§#.#
#8#§#§#####
#§§@§§§§§§§
#§#§#§#####
#.#§#.# #.#c#.#
#.#§#.# #.#§#.#
#.#§#.# #.#§#.#
####.#.#.######


You could see Nessos (fast, ally target) and a friendly lightning spire
(summoned).

Vanquished Creatures
  Snorg (D:11)
  Erolcha (D:12)
  2 hydras
  A catoblepas (Lair:4)
  2 ogre magi
  7 two-headed ogres
  A merfolk avatar (Lair:5)
  A boulder beetle (D:14)
  2 centaur warriors
  A skyshark (Lair:3)
  2 orc knights (Orc:2)
  2 deep elf zephyrmancers (D:13)
  2 deep elf pyromancers
  4 lindwurms (Lair:2)
  3 cyclopes
  A gargoyle (Volcano)
  3 centaur skeletons (D:13)
  A kobold demonologist (D:13)
  A rime drake (Lair:5)
  2 komodo dragons
  A troll (D:12)
  2 polar bears (Lair:5)
  A culicivora (Lair:3)
  4 yaks (Lair:5)
  A redback (Lair:3)
  2 water moccasins (Lair:5)
  16 orc warriors
  2 ogres
  A wolf (Lair:4)
  5 centaurs
  A kobold brigand (D:13)
  2 killer bees
  6 electric eels
  A jelly (D:5)
  5 orc priests
  An iguana (D:5)
  2 orc wizards (Orc:1)
  A gnoll (D:6)
  10 orcs
  3 giant cockroaches
  2 goblins
  2 quokkas
111 creatures vanquished.

Vanquished Creatures (collateral kills)
  Kirke (D:14)
  2 hydras (Lair:2)
  2 boulder beetles
  4 two-headed ogres
  9 skeletal warriors
  3 skysharks
  A deep elf archer (D:13)
  A deep elf pyromancer (D:13)
  2 harpies (Lair:5)
  An orc knight (Orc:2)
  An orc sorcerer (Orc:1)
  A manticore (D:11)
  A salamander (Volcano)
  8 elephants
  Maurice (D:12)
  2 cyclopes (D:13)
  2 black mambas
  4 cane toads
  A centaur skeleton (D:13)
  Maggie (D:9)
  A torpor snail (Lair:5)
  3 rime drakes (Lair:5)
  Psyche (D:10)
  6 komodo dragons
  2 trolls
  A polar bear (Lair:5)
  5 blink frogs
  2 hornets
  A snapping turtle (Lair:5)
  4 dream sheep (Lair:3)
  A water elemental (D:11)
  A vampire (D:12)
  A golden eye (shapeshifter) (D:14)
  37 yaks
  A hog (D:14)
  2 wyverns
  A steam dragon (Lair:5)
  A redback (Lair:3)
  2 basilisks
  An acid dragon (D:8)
  A warg (Orc:1)
  A swamp worm (Lair:2)
  4 water moccasins
  Duvessa (D:6)
  2 ice beasts
  A sky beast (D:8)
  15 orc warriors
  5 ogres
  5 wolves (Lair:4)
  6 centaurs
  4 kobold brigands
  A phantom (D:2)
  3 elf zombies (Ossuary)
  10 bullfrogs
  A gnoll sergeant (D:12)
  4 scorpions
  Dowan (D:6)
  6 killer bees (D:9)
  3 howler monkeys (D:9)
  5 jellies
  9 hounds
  2 centaur zombies (Ossuary)
  12 orc priests
  2 human zombies (Ossuary)
  A sleepcap (D:7)
  4 iguanas
  22 orc wizards
  A nameless horror (D:9)
  3 mummies
  9 gnolls
  8 adders
  A white imp (D:7)
  3 ufetubi
  An adder zombie (Ossuary)
  3 worms (D:2)
  A dart slug (D:1)
  65 orcs
  6 bats
  8 endoplasms
  3 giant cockroaches
  3 goblins
  6 hobgoblins
  9 jackals
  A quokka (D:3)
  8 ball pythons
  3 frilled lizards
  2 goblin zombies (Ossuary)
  9 hobgoblin zombies (Ossuary)
  20 kobolds
  7 kobold zombies (Ossuary)
  11 orc zombies (Ossuary)
  5 rats
449 creatures vanquished.

Vanquished Creatures (others)
  2 centaur warriors
  A boulder beetle (Lair:4)
  2 skeletal warriors (D:11)
  Pikel (D:6)
  A manticore (D:9)
  2 elephants (Lair:2)
  A black mamba (Lair:4)
  3 cane toads
  A torpor snail (Lair:1)
  3 komodo dragons
  An unseen horror (D:13)
  3 trolls
  A polar bear (Lair:1)
  A snapping turtle (Lair:5)
  22 yaks
  A basilisk (Lair:2)
  2 humans (D:14)
  An acid dragon (D:12)
  3 ogres
  An orc warrior (D:7)
  A lemure (D:6)
  2 centaurs (Orc:2)
  3 killer bees (D:11)
  An orc priest (Orc:1)
  A gnoll bouda (D:6)
  An orc wizard (D:7)
  An orc (Orc:2)
63 creatures vanquished.

Grand Total: 623 creatures vanquished

Notes
Turn   | Place    | Note
-------+----------+-------------------------------------------
     0 | D:1      | croobank the Felid Summoner began the quest for the Orb.
     0 | D:1      | Reached XP level 1. HP: 7/7 MP: 4/4
   212 | D:1      | Reached XP level 2. HP: 6/12 MP: 0/6
   271 | D:1      | Learned a level 2 spell: Call Imp
   417 | D:1      | Reached skill level 3 in Dodging
  1083 | D:1      | Reached skill level 1 in Fighting
  1592 | D:2      | Reached XP level 3. HP: 13/15 MP: 4/7
  1596 | D:2      | Learned a level 3 spell: Call Canine Familiar
  1806 | D:2      | Found a bloodstained altar of Trog.
  2008 | D:2      | Noticed a phantom
  2030 | D:2      | Killed a phantom
  2031 | D:2      | Reached skill level 4 in Dodging
  2031 | D:2      | Reached XP level 4. HP: 19/19 MP: 4/9
  2329 | D:2      | Reached XP level 5. HP: 22/22 MP: 7/10
  3117 | D:3      | Learned a level 3 spell: Summon Guardian Golem
  3756 | D:4      | Found a staircase to the Ecumenical Temple.
  3783 | Temple   | Entered the Ecumenical Temple
  3794 | Temple   | Became a worshipper of Gozag Ym Sagoz the Greedy
  4126 | D:4      | Reached skill level 1 in Hexes
  4417 | D:4      | Reached skill level 5 in Summonings
  4417 | D:4      | Gained mutation: You are covered in thick fur. (AC +2)
                  | [Felid growth]
  4417 | D:4      | Reached XP level 6. HP: 27/27 MP: 4/12
  4936 | D:4      | Found a glowing silver altar of Zin.
  4936 | D:4      | Found a sparkling altar of Nemelex Xobeh.
  5067 | D:5      | Entered Level 5 of the Dungeon
  5067 | D:5      | Noticed an ice beast
  5087 | D:5      | Killed an ice beast
  5088 | D:5      | Reached skill level 5 in Dodging
  5284 | D:5      | Reached XP level 7. HP: 31/31 MP: 3/13
  5432 | D:5      | Learned a level 4 spell: Summon Lightning Spire
  6207 | D:5      | Reached skill level 1 in Air Magic
  6763 | D:6      | Reached skill level 6 in Dodging
  6850 | D:6      | Noticed Pikel
  6865 | D:6      | Killed Pikel
  6866 | D:6      | Reached skill level 5 in Hexes
  6866 | D:6      | Reached XP level 8. HP: 23/36 MP: 11/16
  6870 | D:6      | Noticed Dowan
  6880 | D:6      | Noticed Duvessa
  6887 | D:6      | Reached skill level 5 in Spellcasting
  6911 | D:6      | Killed Duvessa
  6912 | D:6      | Reached skill level 7 in Dodging
  6923 | D:6      | Killed Dowan
  7119 | D:6      | Identified the +1 cloak of the Slorg {Will++ Int+3 Dex-2}
  7253 | D:6      | Found a sand-covered staircase.
  7272 | Ossuary  | Entered an ossuary
  7635 | Ossuary  | Reached XP level 9. HP: 40/40 MP: 1/17
  7645 | Ossuary  | Reached skill level 5 in Fighting
  9197 | D:7      | Reached skill level 8 in Dodging
  9296 | D:7      | Found a hide-covered altar of Uskayaw.
  9438 | D:7      | Found an iron altar of Okawaru.
  9439 | D:7      | Found a blossoming altar of Fedhas.
  9439 | D:7      | Found a shadowy altar of Dithmenos.
  9440 | D:7      | Found an ornate altar of the Wu Jian Council.
  9441 | D:7      | Found a white marble altar of Elyvilon.
  9442 | D:7      | Found an ancient bone altar of Kikubaaqudgha.
  9576 | D:8      | Found Zekuit Misup's Jewellery Shop.
  9754 | D:8      | Bought a +6 ring of intelligence for 540 gold pieces
 10006 | D:8      | Reached XP level 10. HP: 45/45 MP: 15/20
 10540 | D:9      | Found a runed translucent gate.
 10540 | D:9      | Noticed Brutalitops's ghost (journeyman OpCK)
 10550 | D:9      | Reached skill level 9 in Dodging
 10552 | D:9      | Reached skill level 5 in Air Magic
 10571 | D:9      | Found a runed translucent gate.
 10575 | D:9      | Found a runed translucent gate.
 10648 | D:9      | Noticed Maggie
 10669 | D:9      | Killed Maggie
 10886 | D:9      | Noticed a manticore
 10901 | D:9      | Killed a manticore
 11264 | D:9      | Found a staircase to the Lair.
 11356 | D:9      | Reached skill level 10 in Dodging
 11414 | D:9      | Found Nemout's Antique Weapon Boutique.
 11861 | D:9      | Reached XP level 11. HP: 48/50 MP: 17/23
 12029 | D:10     | Entered Level 10 of the Dungeon
 12411 | D:10     | Noticed Psyche
 12417 | D:10     | Learned a level 3 spell: Inner Flame
 12422 | D:10     | Killed Psyche
 13249 | D:11     | Noticed Snorg
 13414 | D:11     | Noticed a skeletal warrior
 13415 | D:11     | Noticed a skeletal warrior
 13426 | D:11     | Killed a skeletal warrior
 13427 | D:11     | Reached skill level 11 in Dodging
 13429 | D:11     | Killed a skeletal warrior
 13433 | D:11     | Noticed a skeletal warrior
 13436 | D:11     | Killed a skeletal warrior
 13438 | D:11     | Noticed a skeletal warrior
 13438 | D:11     | Noticed a skeletal warrior
 13577 | D:11     | HP: 1/52 [skeletal warrior/+0 glaive (25)]
 13672 | D:11     | Killed a skeletal warrior
 13789 | Lair:1   | Entered Level 1 of the Lair of Beasts
 14387 | Lair:1   | Gained mutation: Your thick and shaggy fur keeps you warm.
                  | (AC +3, rC+) [Felid growth]
 14387 | Lair:1   | Reached XP level 12. HP: 56/56 MP: 17/25
 14561 | Lair:1   | You fall into a shaft and drop 1 floor!
 14605 | Lair:1   | Reached skill level 12 in Dodging
 15599 | Lair:2   | Reached skill level 10 in Summonings
 15811 | Lair:2   | Noticed a seven-headed hydra
 15819 | Lair:2   | Noticed a seven-headed hydra
 15820 | Lair:2   | Killed a seven-headed hydra
 15946 | Lair:2   | Found a staircase to the Swamp.
 16011 | Lair:2   | Killed a seven-headed hydra
 16012 | Lair:2   | Reached skill level 13 in Dodging
 16594 | Lair:2   | Reached skill level 10 in Fighting
 17295 | Lair:2   | HP: 1/58 [blink frog (12)]
 17632 | Lair:2   | Reached skill level 1 in Fire Magic
 17890 | Lair:3   | Reached XP level 13. HP: 61/61 MP: 27/27
 18573 | Lair:3   | Found a hole to the Spider Nest.
 18745 | D:8      | Bought a ring of flight for 262 gold pieces
 18745 | D:8      | Bought a +5 ring of evasion for 540 gold pieces
 18745 | D:8      | Bought a ring of willpower for 375 gold pieces
 18745 | D:8      | Bought the ring of Eternal Harmony {rElec Will- Str+3 Int+2
                  | Dex+6} for 844 gold pieces
 19033 | Lair:4   | Reached skill level 10 in Spellcasting
 19759 | Lair:4   | Reached skill level 14 in Dodging
 20157 | Lair:5   | Entered Level 5 of the Lair of Beasts
 20365 | Lair:5   | Found a dark tunnel.
 20413 | Volcano  | Entered a volcano
 20706 | Volcano  | Demolished by a hell knight
 20707 | Volcano  | Reached XP level 12. HP: -14/59 MP: 6/27
 20781 | Volcano  | Reached skill level 16 in Dodging
 20781 | Volcano  | Reached XP level 13. HP: 62/63 MP: 8/28
 21578 | Lair:5   | Found a staircase to the Slime Pits.
 21578 | Lair:5   | Found a viscous altar of Jiyva.
 21965 | Lair:5   | Slain by a cane toad
 21966 | Lair:5   | Reached XP level 12. HP: -2/60 MP: 18/27
 22722 | Lair:5   | Reached XP level 13. HP: 63/63 MP: 21/28
 24113 | D:11     | Killed Snorg
 24114 | D:11     | Reached skill level 17 in Dodging
 24412 | D:11     | Found a staircase to the Orcish Mines.
 25337 | D:12     | Noticed Erolcha
 25345 | D:12     | Killed Erolcha
 25565 | D:12     | Found a runed translucent gate.
 25565 | D:12     | Found a runed translucent gate.
 25566 | D:12     | Found a runed translucent gate.
 25568 | D:12     | Noticed Demosthentine's ghost (journeyman DsGl)
 26299 | D:12     | Noticed Maurice
 26346 | D:12     | Killed Maurice
 26897 | Orc:1    | Entered Level 1 of the Orcish Mines
 28256 | Orc:1    | You fall into a shaft and drop 1 floor!
 28256 | Orc:2    | Entered Level 2 of the Orcish Mines
 31195 | Orc:2    | Found Boiwnaal's Armour Boutique.
 31195 | Orc:2    | Found Cashrumu's Book Shoppe.
 31197 | Orc:2    | Found Jawus's General Store.
 31199 | Orc:2    | Found Suagugro's Armour Shop.
 31203 | Orc:2    | Bought a book of Spectacle for 480 gold pieces
 31208 | Orc:2    | Learned a level 4 spell: Iskenderun's Mystic Blast
 31248 | Orc:2    | Found a staircase to the Elven Halls.
 31386 | Orc:2    | Bought a Fen Folio for 672 gold pieces
 31392 | Orc:2    | Learned a level 5 spell: Summon Forest
 31400 | Orc:2    | Learned a level 7 spell: Summon Hydra
 31720 | D:13     | Reached skill level 1 in Translocations
 31720 | D:13     | Reached XP level 14. HP: 67/69 MP: 30/30
 31725 | D:13     | Reached skill level 1 in Conjurations
 33028 | D:13     | Found a gate to the Vaults.
 33034 | D:13     | Reached skill level 5 in Translocations
 33524 | D:13     | You fall into a shaft and drop 1 floor!
 33547 | D:14     | Noticed Kirke
 33560 | D:14     | Killed Kirke
 35324 | D:14     | Noticed Nessos
 35334 | D:14     | Shot with an arrow by Nessos
 35335 | D:14     | Reached XP level 13. HP: -10/64 MP: 38/38
 35343 | D:14     | Shot with an arrow by Nessos

Illustrated notes

Levels and vault maps discovered:
D:1:      dpeg_arrival_shelter, layout_basic, hangedman_decor_growths
D:2:      layout_basic, basic_altar, nicolae_wormholes
D:3:      layout_basic
D:4:      layout_basic, gammafunk_temple_overflow_wave,
          minmay_temple_entry_mini_moons, serial_rivers,
          chequers_serial_rivers_micro_e, chequers_serial_rivers_large_b,
          chequers_serial_rivers_micro_c, chequers_serial_rivers_small_a,
          chequers_serial_rivers_micro_b, hex_tiny, minmay_statues_item,
          grunt_ministairs_8
D:5:      layout_layer_cave, kennysheep_generic_room_4
D:6:      layout_gridville, gup_ossuary_entry_pyramid, uniq_maggie, uniq_pikel,
          uniq_duvessa
D:7:      layout_loops_cross, minitemple, chequers_serial_rivers_micro_a
D:8:      layout_loops_ring, serial_shops, shop
D:9:      layout_loops_cross, erik_lair_island, biasface_ghost_orc_armoury,
          serial_shops, nicolae_shop_statue_plus
D:10:     layout_layer_cave, uniq_psyche
D:11:     layout_basic, erik_orc_2, uniq_snorg
D:12:     layout_loops_cross, gammafunk_ghost_necromancy, uniq_erolcha,
          uniq_maurice
D:13:     layout_roguey, hangedman_vaults_entry_quadrant_bands
D:14:     layout_basic, nicolae_integral_box,
          portal_ice_cave_entry_horrid_things, minmay_mirror_moons_of_madness,
          uniq_nessos, uniq_kirke, uniq_jorgrun
Temple:   cyrus_circular_temple
Lair:1:   layout_hall_layers
Lair:2:   layout_gridlike, palyth_hydra_swamp_entry, minmay_lindwurm_lava,
          grunt_megastairs_1
Lair:3:   layout_misc_corridors, spider_nest_entry_funnel_web
Lair:4:   layout_gridlike, kennysheep_catoblepas_arena,
          infiniplex_staircase_pool
Lair:5:   gammafunk_lair_ancient_temple, layout_big_grid, slime_entry_1,
          enter_volcano_2
Orc:1:    layout_caves
Orc:2:    st_orc_rangers, layout_caves

Skill      XL: |  1  2  3  4  5  6  7  8  9 10 11 12 13 14 |
---------------+-------------------------------------------+-----
Stealth        | 3 |  3.0
Dodging        | 3 4 5 6 7 8 10 11 16 17 | 17.7
Fighting       | 1 2 3 4 6 7 8 10 12 | 12.2
Spellcasting   | 3 4 5 6 7 8 9 11 | 11.6
Hexes          | 1 2 5 |  5.0
Summonings     | 5 6 7 8 9 12 | 12.9
Air Magic      | 2 3 4 6 7 |  7.0
Fire Magic     | 1 3 |  3.0
Translocations | 1 7 |  7.8
Conjurations   | 4 |  4.9

Action                     |  1- 3 |  4- 6 |  7- 9 | 10-12 | 13-15 || total
---------------------------+-------+-------+-------+-------+-------++-------
  Melee: Unarmed           |    29 |     9 |    25 |    19 |    42 ||   124
         Bite              |     6 |     1 |     4 |     5 |     7 ||    23
         Punch             |     2 |       |     1 |     1 |     2 ||     6
   Cast: Summon Small Mamm |    39 |    33 |    42 |    22 |    23 ||   159
         Call Imp          |    19 |    24 |    24 |    18 |    21 ||   106
         Call Canine Famil |     2 |    21 |    41 |    51 |    73 ||   188
         Summon Guardian G |       |     2 |    12 |    60 |    79 ||   153
         Summon Lightning  |       |       |    23 |    58 |   183 ||   264
         Inner Flame       |       |       |       |    20 |   184 ||   204
         Summon Forest     |       |       |       |       |     8 ||     8
 Invoke: Potion Petition   |       |       |       |       |     2 ||     2
         Call Merchant     |       |       |       |       |     1 ||     1
  Evoke: Wand              |       |     2 |     5 |    12 |     3 ||    22
         Tin of tremorston |       |       |       |     1 |       ||     1
    Use: Scroll            |       |    12 |     5 |    14 |    12 ||    43
         Potion            |       |       |     4 |     7 |     5 ||    16
   Stab: Sleeping          |       |     2 |     2 |       |     1 ||     5
         Distracted        |       |       |     1 |       |     1 ||     2
         Paralysed         |       |       |       |     1 |     2 ||     3
 Armour: Skin              |     7 |       |     2 |     5 |     5 ||    19
  Dodge: Dodged            |    39 |    33 |    85 |    99 |   313 ||   569
